 Dungeon Crawl Stone Soup version 0.29.1-13-g9f3cf754e1 (webtiles) character file.

Game seed: 9383420470795175918

130 shadowmeld the Insei (level 5, -5/37 HPs)
             Began as a Djinni Transmuter on Jan 28, 2023.
             Slain by a river rat (6 damage)
             ... on level 3 of the Dungeon.
             The game lasted 00:21:18 (3904 turns).

shadowmeld the Insei (Djinni Transmuter)            Turns: 3904, Time: 00:21:19

Health: -5/37      AC:  5    Str: 11    XL:     5   Next: 36%
Gold:   162        EV: 12    Int: 14    God:
                   SH:  0    Dex: 20

rFire   + + .      SeeInvis +     - Unarmed
rCold   x . .      Faith    .   (no shield)
rNeg    . . .      Spirit   .   o - +0 ring mail
rPois   ∞          Reflect  .   (no helmet)
rElec   .          Harm     .   (no cloak)
rCorr   .          Rampage  .   (no gloves)
Will    .....                   (boots unavailable)
Stlth   ..........              l - amulet of Nitzop Quasch {Acrobat Dex+6 Stlth-}
HPRegen 0.12/turn               e - ring of see invisible
MPRegen 0.00/turn               (no ring)

@: flying
A: sickness immunity, fire resistance 2, cold vulnerability 1, float, innate
caster, HP casting, extra vitality 1
a: no special abilities


You were on level 3 of the Dungeon.
You visited 1 branch of the dungeon, and saw 3 of its levels.

You collected 162 gold pieces.

Inventory:

Missiles
 j - 3 silver boomerangs
 p - 2 poisoned darts
Armour
 g - a +0 buckler
 o - a +0 ring mail (worn)
Magical Staves
 b - a staff of fire
Jewellery
 e - a ring of see invisible (left hand)
 l - the amulet of Nitzop Quasch (around neck) {Acrobat Dex+6 Stlth-}
   (You found it on level 2 of the Dungeon)

   [amulet of the acrobat]

   It increases your evasion while moving and waiting.
   Dex:       It affects your dexterity (+6).
   Stlth:     It makes you less stealthy.
Wands
 i - a wand of flame (4)
Scrolls
 c - a scroll of fog {unknown}
 h - 6 scrolls of identify {unknown}
 k - a scroll of enchant armour {unknown}
 n - a scroll of enchant weapon {unknown}
Potions
 a - a potion of mutation {unknown}
 d - 4 potions of curing
 f - 2 potions of attraction {unknown}
 m - a potion of brilliance {unknown}
 q - a potion of degeneration {unknown}


   Skills:
 * Level 1.3 Fighting
 * Level 1.4 Armour
 * Level 3.4 Dodging
 * Level 4.4 Unarmed Combat
 * Level 1.8 Spellcasting


You couldn't memorise any spells.
You knew the following spells:

 Your Spells              Type           Power      Damage    Failure   Level
a - Beastly Appendage     Tmut           12%        N/A       26%         1
b - Wereblood             Tmut           6%         N/A       38%         2
c - Spider Form           Tmut/Pois      6%         N/A       63%         3
d - Ice Form              Ice/Tmut       6%         N/A       95%         4
e - Freeze                Ice            24%        1d5       26%         1
f - Searing Ray           Conj           12%        2d4       38%         2
Your spell library was empty.

Dungeon Overview and Level Annotations

Branches:
Dungeon (3/15)

Altars:


Innate Abilities, Weirdness & Mutations

You are immune to sickness and miasma.
You are immune to poison.
Your flesh is very heat resistant. (rF++)
You are vulnerable to cold. (rC-)
You float through the air rather than walking.
You learn spells naturally, not from books.
Your magical power is your life essence.
You have superior vitality. (+4 MHP)


Message History

The river rat is moderately wounded.
The river rat completely misses you.
You hit the river rat.
The river rat is heavily wounded.
The river rat bites you.
You hit the river rat.
You kill the river rat!
Found 2 stones.
A rat comes into view.
You hit the rat.
You kill the rat!
A river rat comes into view.
The river rat bites you!
You barely miss the river rat. You hit the river rat.
The river rat is heavily wounded.
The river rat twitches its whiskers.
The river rat bites you.
You hit the river rat.
The river rat is severely wounded.
The river rat bites you!
* * * LOW HITPOINT WARNING * * *
You closely miss the river rat.
The river rat is severely wounded.
The river rat bites you.
* * * LOW HITPOINT WARNING * * *
You barely miss the river rat.
The river rat is severely wounded.
The river rat misses you.
You hit the river rat.
The river rat is almost dead.
The river rat closely misses you.
You hit the river rat but do no damage.
The river rat is almost dead.
The river rat bites you.
* * * LOW HITPOINT WARNING * * *
You completely miss the river rat.
The river rat is almost dead.
The river rat bites you.
You die...

#.........#
#............#..
#.........#
#...(.........##
#.........
#..........##.##
#......###
##.........##.#.
##.#####
#.........# .#.
##...# #.........#
.#. #.†#.#
#...####### ##
#....#############
#....#~~~#~@r~~~#
#.##
#...~#~#~#~######
#...
#...~#~#~#~#~~~~#
####
#..~~~~#~~~~~#
#...~#~#~#####
#...~~~#~~
#.(..#~####
#...~~~# #.....~~#


You could see a river rat.

Vanquished Creatures
  6 adders
  A river rat (D:3)
  2 dart slugs
  3 orcs
  5 ball pythons
  2 endoplasms
  3 giant cockroaches
  2 goblins (D:2)
  2 hobgoblins
  8 jackals
  5 quokkas
  6 bats
  5 frilled lizards
  5 kobolds
  4 rats
  4 toadstools (D:1)
63 creatures vanquished.

Vanquished Creatures (others)
  11 demonic plants (D:2)
  4 fungi (D:2)
  4 plants
  4 withered plants (D:2)
23 creatures vanquished.

Grand Total: 86 creatures vanquished

Notes
Turn   | Place    | Note
-------+----------+-------------------------------------------
     0 | D:1      | shadowmeld the Djinni Transmuter began the quest for the
                  | Orb.
     0 | D:1      | shadowmeld set off with the following spells memorised:
                  | Beastly Appendage, Wereblood, Spider Form, Ice Form.
     0 | D:1      | Reached XP level 1. HP: 17/17 MP: 0/0
   279 | D:1      | Reached XP level 2. HP: 5/22 MP: 0/0
  1162 | D:1      | Reached XP level 3. HP: 18/27 MP: 0/0
  1162 | D:1      | Learned a level 1 spell: Freeze
  1591 | D:2      | Identified the amulet of Nitzop Quasch {Acrobat Dex+6
                  | Stlth-}
  2279 | D:2      | Found a faded altar of an unknown god.
  2395 | D:2      | Reached XP level 4. HP: 13/32 MP: 0/0
  2405 | D:2      | Reached skill level 4 in Unarmed Combat
  2416 | D:2      | Reached skill level 1 in Armour
  3046 | D:3      | Reached XP level 5. HP: 12/37 MP: 0/0
  3046 | D:3      | Learned a level 2 spell: Searing Ray
  3903 | D:3      | HP: 1/37 [river rat (3)]
  3904 | D:3      | Slain by a river rat

Illustrated notes

Levels and vault maps discovered:
D:1:      ldierk_walled_garden_2, layout_rooms, nicolae_eternal_life,
          serial_bayou_pond_c, hangedman_decor_growths
D:2:      layout_loops_cross, shapermc_ecumenical_altar_gd,
          palyth_stone_intersect
D:3:      layout_basic, lightli_sewer_entry_pipes

Skill      XL: |  1  2  3  4 |
---------------+-------------+-----
Dodging        | 3 |  3.4
Unarmed Combat | 4 |  4.4
Armour         | 1 |  1.4
Fighting       | |  1.3
Spellcasting   | |  1.8

Action                   |  1- 3 |  4- 6 || total
-------------------------+-------+-------++-------
Melee: Unarmed           |   174 |   149 ||   323
       Headbutt          |     2 |       ||     2
       Punch             |     4 |     7 ||    11
 Cast: Beastly Appendage |     5 |     1 ||     6
  Use: Potion            |     1 |     1 ||     2
Armor: Skin              |     7 |       ||     7
       Robe              |    15 |       ||    15
       Ring mail         |    18 |    46 ||    64
       Leather armour    |    17 |       ||    17
Dodge: Dodged            |   165 |    93 ||   258
